 Dungeon Crawl Stone Soup version 0.25-a0-316-gd28d56f9c5 (webtiles) character file.

Game seed: 16182212518736775373, levelgen mode: classic

9648 Borgoz the Basher (level 11, 0/68 HPs)
             Began as a Gargoyle Gladiator on Dec 24, 2019.
             Was a Follower of Okawaru.
             Slain by Sonja
             ... wielding a +1 short sword of distortion
              (17 damage)
             ... on level 10 of the Dungeon.
             The game lasted 00:17:55 (9246 turns).

Borgoz the Basher (Gargoyle Gladiator)              Turns: 9246, Time: 00:17:56

Health: 0/68       AC: 21    Str: 18    XL:     11   Next: 49%
Magic:  11/11      EV: 15    Int:  9    God:    Okawaru [*.....]
Gold:   152        SH:  0    Dex: 14    Spells: 10/10 levels left

rFire    . . .     SeeInvis .   q - +3 dire flail
rCold    . . .     Gourm    .   (shield currently unavailable)
rNeg     + . .     Faith    .   m - +0 scale mail
rPois    ∞         Spirit   .   e - +0 helmet
rElec    +         Reflect  .   s - +1 cloak
rCorr    .         Harm     .   (no gloves)
MR       .....                  g - +0 pair of boots
Stlth    +.........             (no amulet)
HPRegen  0.21/turn              n - ring of stealth
MPRegen  0.12/turn              (no ring)

@: about to teleport
A: negative energy resistance 1, electricity resistance, unbreathing,
petrification resistance, rot immunity, AC +8
a: Heroism, Renounce Religion


You were on level 10 of the Dungeon.
You worshipped Okawaru.
Okawaru was aware of your devotion.
You were not hungry.

You visited 2 branches of the dungeon, and saw 11 of its levels.

You collected 596 gold pieces.
You spent 444 gold pieces at shops.

Inventory:

Hand Weapons
 q - a +3 dire flail (weapon)
Missiles
 z - 2 throwing nets (quivered)
Armour
 e - a +0 helmet (worn)
 g - a +0 pair of boots (worn)
 m - a +0 scale mail (worn)
 s - a +1 cloak (worn)
Jewellery
 n - a ring of stealth (left hand)
 D - an uncursed ring of ice
Wands
 i - a wand of flame (18)
 y - a wand of random effects (54)
 C - a wand of disintegration (17)
Scrolls
 c - a scroll of blinking
 d - a scroll of amnesia
 k - 4 scrolls of enchant weapon
 l - 5 scrolls of magic mapping
 u - a scroll of fog
 v - 5 scrolls of remove curse
 w - 4 scrolls of teleportation
 A - 2 scrolls of identify
Potions
 a - a potion of mutation
 b - a potion of curing
 h - a potion of resistance {unknown}
 j - a potion of ambrosia
 o - a potion of cancellation {unknown}
 p - 3 potions of brilliance {unknown}
 r - 5 potions of heal wounds
 t - a potion of berserk rage
 B - a potion of haste
 E - a potion of agility {unknown}
Comestibles
 f - 12 rations
 x - 10 chunks of flesh


   Skills:
 + Level 8.1 Fighting
 * Level 10.7 Maces & Flails
 - Level 1.7 Throwing
 + Level 7.8 Armour
 * Level 9.0 Dodging


You had 10 spell levels left.
You didn't know any spells.
Your spell library contained the following spells:

 Spells                   Type           Power        Failure   Level  Hunger
 Sandblast                Erth           #.....       73%         1    ##.....
 Passwall                 Tmut/Erth      #.......     86%         2    ###....
 Stone Arrow              Conj/Erth      #.....       97%         3    ####...
 Petrify                  Tmut/Erth      #.......     100%        4    #####..
 Lee's Rapid Deconstruct  Erth           #.........   100%        5    ######.


Dungeon Overview and Level Annotations

Branches:
Dungeon (10/15)            Temple (1/1) D:4            Lair (0/6) D:8
    Orc: D:9-12

Altars:
Ashenzari
Cheibriados
Dithmenos
Elyvilon
Fedhas
Gozag
Hepliaklqana
Kikubaaqudgha
Makhleb
Nemelex Xobeh
Okawaru
Qazlal
Ru
Sif Muna
Trog
Uskayaw
Vehumet
Wu Jian
Xom
Yredelemnul
Zin
The Shining One

Shops:
D:7 !   D:8 !   D:9 *

Annotations:
D:10 Sonja


Innate Abilities, Weirdness & Mutations

You are resistant to torment.
Your stone body is resilient. (AC +8)
You are immune to poison.
You resist negative energy. (rN+)
You are resistant to electric shocks. (rElec)
You can survive without breathing.
You are immune to petrification.
You are immune to rotting.


Message History

Sonja closely misses you. Sonja misses you.
Found a war axe.
You hit Sonja.
Sonja is lightly wounded.
Sonja completely misses you. Sonja barely misses you. x2
Throwing (i - inventory)
z - 4 throwing nets (quivered)
Press: ? - help, Shift-Dir - straight line, f - Sonja
Aim: Sonja, wielding a +1 short sword of distortion (lightly wounded)
You throw a throwing net. The throwing net closely misses Sonja.
Sonja hits you but does no damage. Space warps horribly around you!!
Sonja hits you but does no damage. Space warps horribly around you!!
* * * LOW HITPOINT WARNING * * *
Sonja hits you but does no damage.
You feel strangely unstable.
Throwing (i - inventory)
z - 3 throwing nets (quivered)
Press: ? - help, Shift-Dir - straight line, f/p - Sonja
Aim: Sonja, wielding a +1 short sword of distortion (lightly wounded)
You throw a throwing net. The throwing net closely misses Sonja.
Sonja closely misses you. Sonja hits you but does no damage.
Space warps horribly around you!
You die...

#.......<# #..# #..#
#..# .. ...... .... ....
. ..... .... #..# ####.
#..# #..#
############..########!.
...........(...........)
...........((.((@K.....(
..####..####..####..####
..# #..# #..# .# ..#
#..# #..# # ..# #..#
#..# ..# #..# #..# ###
#### ####


You could see Sonja.

Vanquished Creatures
  Harold (D:7)
  2 two-headed ogres (D:9)
  Maurice (D:8)
  Prince Ribbit (D:6)
  A wyvern (D:10)
  7 yaks
  Grum (D:8)
  Eustachio (D:4)
  A steam dragon (D:7)
  A hungry ghost (D:9)
  4 black bears
  3 ice beasts
  A porcupine (D:8)
  7 orc warriors
  5 sky beasts
  A necrophage (D:6)
  6 ogres
  4 wolves (D:8)
  2 centaurs
  3 bullfrogs
  A water moccasin zombie (D:9)
  A wyvern zombie (D:7)
  A wyvern skeleton (D:7)
  9 killer bees
  10 wights
  3 howler monkeys (D:10)
  5 crimson imps
  2 jellies
  Crazy Yiuf (D:3)
  A centaur skeleton (D:6)
  A hound (D:10)
  12 orc wizards
  A bullfrog skeleton (D:6)
  4 orc priests
  3 iguanas
  5 worker ants
  A killer bee zombie (D:5)
  2 hound skeletons
  A worker ant zombie (D:6)
  7 gnolls
  2 howler monkey skeletons
  6 adders
  A shadow imp (D:10)
  An ooze (D:3)
  An adder zombie (D:9)
  2 adder skeletons
  3 worms
  3 dart slugs
  2 leopard geckos (D:1)
  29 orcs
  4 giant cockroaches
  7 goblins
  9 hobgoblins
  8 jackals
  3 kobolds (D:1)
  4 quokkas
  3 ball pythons
  2 bats (D:1)
  5 frilled lizards
  A jackal skeleton (D:4)
  A leopard gecko skeleton (D:4)
  A quokka skeleton (D:5)
  5 rats
227 creatures vanquished.

Notes
Turn   | Place    | Note
-------+----------+-------------------------------------------
     0 | D:1      | Borgoz the Gargoyle Gladiator began the quest for the Orb.
     0 | D:1      | Reached XP level 1. HP: 12/12 MP: 1/1
   121 | D:1      | Reached XP level 2. HP: 16/17 MP: 2/2
   279 | D:1      | Reached XP level 3. HP: 19/22 MP: 3/3
   422 | D:1      | Reached skill level 1 in Armour
   861 | D:2      | Found a sacrificial altar of Ru.
  1501 | D:3      | Reached XP level 4. HP: 2/27 MP: 4/4
  1870 | D:3      | Reached skill level 4 in Maces & Flails
  1881 | D:3      | Reached XP level 5. HP: 32/32 MP: 5/5
  2295 | D:3      | Found a sparkling altar of Nemelex Xobeh.
  2343 | D:3      | Found a runed translucent door.
  2344 | D:3      | Noticed Crazy Yiuf
  2361 | D:3      | Killed Crazy Yiuf
  2651 | D:4      | Found a staircase to the Ecumenical Temple.
  2755 | D:4      | Reached XP level 6. HP: 30/37 MP: 6/6
  2760 | D:4      | Found a stormy altar of Qazlal.
  2905 | D:4      | Noticed Eustachio
  2927 | D:4      | Killed Eustachio
  3093 | D:5      | Entered Level 5 of the Dungeon
  3287 | D:5      | Noticed a black bear
  3293 | D:5      | Killed a black bear
  3293 | D:5      | Reached skill level 5 in Maces & Flails
  3293 | D:5      | Reached XP level 7. HP: 42/42 MP: 7/7
  3595 | D:5      | Found a hazy altar of Hepliaklqana.
  3596 | D:5      | Found a shimmering altar of Xom.
  3597 | D:5      | Noticed a spectral ugly thing
  3919 | D:5      | Reached XP level 8. HP: 27/48 MP: 8/8
  4175 | D:6      | You fall into a shaft and drop 2 floors!
  4178 | D:8      | Noticed Maurice
  4211 | D:8      | Reached skill level 6 in Maces & Flails
  4211 | D:8      | Reached skill level 5 in Dodging
  4279 | D:8      | Killed Maurice
  4279 | D:8      | Reached skill level 5 in Fighting
  4279 | D:8      | Reached skill level 7 in Maces & Flails
  4402 | D:8      | Reached XP level 9. HP: 54/54 MP: 9/9
  4442 | D:8      | Reached skill level 5 in Armour
  4919 | D:6      | Noticed Prince Ribbit
  5088 | D:6      | Killed Prince Ribbit
  5088 | D:6      | Reached skill level 8 in Maces & Flails
  5394 | D:6      | Found a sparkling altar of Nemelex Xobeh.
  5513 | D:6      | Reached XP level 10. HP: 25/61 MP: 10/10
  5864 | D:7      | Found Juuzyolo's Distillery.
  5867 | D:7      | Bought a potion of might for 48 gold pieces
  5867 | D:7      | Bought a potion of ambrosia for 96 gold pieces
  5904 | D:7      | Noticed Harold
  5921 | D:7      | Killed Harold
  5921 | D:7      | Reached skill level 9 in Maces & Flails
  6460 | D:8      | Found a staircase to the Lair.
  6569 | D:8      | Noticed Grum
  6600 | D:8      | HP: 2/61 [Grum/+0 glaive (21)]
  6620 | D:8      | Killed Grum
  6843 | D:8      | Found Gosem's Distillery.
  6864 | D:8      | Bought a potion of heal wounds for 60 gold pieces
  6864 | D:8      | Bought a potion of heal wounds for 60 gold pieces
  6864 | D:8      | Bought a potion of haste for 120 gold pieces
  6996 | D:9      | Found Fisujelu's General Store.
  7000 | D:9      | Bought a scroll of identify for 30 gold pieces
  7000 | D:9      | Bought a scroll of identify for 30 gold pieces
  7425 | D:9      | Found an ornate altar of the Wu Jian Council.
  7431 | D:9      | Reached skill level 10 in Maces & Flails
  7445 | D:9      | Reached XP level 11. HP: 47/67 MP: 11/11
  7561 | D:9      | Noticed a two-headed ogre
  7577 | D:9      | Killed a two-headed ogre
  8030 | D:9      | Found a blossoming altar of Fedhas.
  8030 | D:9      | Found a faded altar of an unknown god.
  8035 | D:9      | Found a burning altar of Makhleb.
  8037 | D:9      | Found a faded altar of an unknown god.
  8038 | D:9      | Found a radiant altar of Vehumet.
  8185 | Temple   | Entered the Ecumenical Temple
  8288 | Temple   | Became a worshipper of Warmaster Okawaru
  8430 | D:10     | Entered Level 10 of the Dungeon
  8432 | D:10     | Noticed a two-headed ogre
  8537 | D:9      | Killed a two-headed ogre
  8673 | D:10     | Reached * piety under Okawaru
  9238 | D:10     | Noticed Sonja
  9246 | D:10     | Slain by Sonja

Levels and vault maps discovered:
D:1:      mrwooster_arrival_statue_2, layout_loops_ring
D:2:      layout_loops_ring, nicolae_ru_awakened_eye, first_ration,
          minmay_tetromino_t4
D:3:      layout_loops_ring, nemelex_xobeh_ov_fountains_minmay,
          uniq_crazy_yiuf_cottage
D:4:      layout_rooms, minmay_temple_entry_statues_fountains,
          grunt_qazlal_clouds, uniq_eustachio
D:5:      minmay_octagon_keep, layout_cave_pools,
          regret_index_temple_of_mockery, lightli_corner_chamber
D:6:      layout_basic, basic_altar, uniq_prince_ribbit1
D:7:      layout_basic, serial_shops, nicolae_shop_behind_doors, uniq_harold
D:8:      layout_basic, grunt_lair_entry_orc_guard_hut, serial_shops,
          shop_fountains, uniq_grum, uniq_maurice
D:9:      layout_loops_ring, nicolae_overflow_crystal_walls,
          chequers_temple_overflow_minitemple, serial_shops, shop_statue
D:10:     layout_small_grid, hangedman_ranch [blue_anna_fruit_fields],
          uniq_sonja
Temple:   jpeg_temple_clearing

Skill      XL: |  1  2  3  4  5  6  7  8  9 10 11 |
---------------+----------------------------------+-----
Armour         | 1 2 3 4 6 7 |  7.8
Dodging        | 3 4 5 7 8 9 |  9.0
Maces & Flails | 4 5 7 8 10 | 10.7
Fighting       | 3 4 5 6 7 8 |  8.1
Throwing       | |  1.7

Action                   |  1- 3 |  4- 6 |  7- 9 | 10-12 || total
-------------------------+-------+-------+-------+-------++-------
Melee: Flail             |   116 |   136 |   430 |       ||   682
       Dire flail        |       |       |       |   461 ||   461
Throw: Throwing net      |     1 |     4 |     3 |     5 ||    13
  Use: Scroll            |       |     7 |     5 |     3 ||    15
       Potion            |       |       |     5 |     6 ||    11
 Stab: Held in net/web   |     2 |       |     2 |     2 ||     6
  Eat: Chunk             |     2 |     4 |    10 |    13 ||    29
       Ration            |       |       |       |     1 ||     1
Armor: Leather armour    |    12 |       |       |       ||    12
       Ring mail         |    48 |    80 |   265 |       ||   393
       Skin              |       |       |    11 |       ||    11
       Scale mail        |       |       |       |   228 ||   228
Dodge: Dodged            |    79 |   105 |   382 |   364 ||   930

Table legend:
 A = Non-vault XP
 B = Vault XP
 C = Vault XP percentage of total XP
 D = Non-vault monster count
 E = Vault monster count
 F = Vault count percentage of total count
                 A         B        C        D         E       F
            +---------+---------+-------+---------+---------+-------
      Total |   10298 |    3486 |  25.3 |     204 |      23 |  10.1
            +---------+---------+-------+---------+---------+-------
        D:1 |      53 |       0 |   0.0 |      20 |       0 |   0.0
        D:2 |      23 |       2 |   8.0 |      14 |       2 |  12.5
        D:3 |     101 |      41 |  28.9 |      13 |       1 |   7.1
        D:4 |     143 |     196 |  57.8 |       9 |       1 |  10.0
        D:5 |     588 |     194 |  24.8 |      10 |       6 |  37.5
        D:6 |    1032 |     274 |  21.0 |      22 |       1 |   4.3
        D:7 |     744 |     997 |  57.3 |      12 |       1 |   7.7
        D:8 |    1091 |    1782 |  62.0 |      30 |      11 |  26.8
        D:9 |    4401 |       0 |   0.0 |      41 |       0 |   0.0
       D:10 |    2122 |       0 |   0.0 |      33 |       0 |   0.0
            +---------+---------+-------+---------+---------+-------
